[Event "Départementale 49"]
[Site "?"]
[Date "2021.11.14"]
[Round "2.3"]
[White "Frasez, Romain"]
[Black "Medas, Pierre"]
[Result "0-1"]
[ECO "B12"]
[WhiteElo "1009"]
[BlackElo "1199"]
[PlyCount "69"]
[EventDate "2021.??.??"]
[WhiteTeam "Segré 3"]
[BlackTeam "Angers 3"]
[TimeControl "600"]

{
Jouant pour la toute première fois en compétition j'abordais cette partie
avec beaucoup de stress. La partie était très équilibrée jusqu'au milieu
de jeu dans lequel j'ai fait plusieurs fautes successives qui auraient dû me
faire perdre. Cependant après plusieurs coups douteux de mon adversaire j'ai
essayé de lui tendre un dernier piège afin de profiter de son impatience et
ça a payé. J'ai finalement arraché la victoire et autant dire que je me
souviendrai longtemps de cette première partie !} 1. e4 c6 2. d4 d5 3. e5 Bf5
4. Nf3 e6 5. c3 Nd7 6. Be3 {B12: Défense Caro-Kann (variante d'avance).} Qb6 7.
Qb3 Qxb3 8. axb3 {[#]La position est équilibrée.} a6 $146 ({Prédécesseur:} 
8... Ne7 9. Be2 Nc8 10. O-O Be7 11. Nbd2 O-O 12. h4 f6 13. h5 fxe5 14. Nxe5
Nxe5 15. dxe5 {0-1 (36) List,R-Chen,W Wellington 2014}) 9. Be2 Rc8 10. b4 Ne7
11. O-O Be4 12. Nbd2 Bxf3 13. Nxf3 Nf5 14. Rad1 (14. Bd2 $16 ) 14... Be7 15. Bd3 Nxe3 16. fxe3 O-O 17. Rf2 f6 18. exf6 Nxf6
19. h3 ({les Blancs devraient essayer} 19. Re1 $14 ) 19... Ne4 (19... Rce8 $11 {[%eval -18,19] maintient
l'égalité.}) 20. Bxe4 $16 dxe4 21. Ne5 (21. Nd2 $16 ) 21... Rxf2 (21... Bd6 $14 ) 22. Kxf2
$14 {[%mdl 4096] Finale RTF-RTC} Rf8+ 23. Kg1 Bf6 (23... Bd6
$14 ) 24. Ng4 (24. Nd7 $16 )
24... b5 (24... Bh4 $11 ) 25. Nxf6+ $16 Rxf6 {
[%eval 173,26] RT-RT} (25... gxf6 $16 26. Kh2 h5) 26. Ra1 $18
Rf8 27. Rxa6 Rc8 28. b3 Kf7 29. c4 Ke7 (29... bxc4 $142 30. bxc4 Rb8) 30. Kh2 Kf6 31. Kg3 Kf5 32. Kh4 h6 (32... h5 {[%eval 224,25] valait d'être tenté.} 33. g4+ hxg4) 33. g4+
Kf6 34. Kh5 g6+ 35. Kh4 $18 (35. Kxh6 $4 {[%eval -32765,6]
[%mdl 8192] [#]} Rh8# {Les Noirs ont profité de leur chance.  Valeur d'erreur
pondérée: Blancs=0.50/Noirs=0.34}) 0-1